Map: [ESL] Blackburn

Players

Spirit

  • Race: Terran Terran

Astrea - Winner!

  • Race: Protoss Protoss

Event: IEM Katowice 2022

VOD

Have the link to the VOD?

Description

Time

  • Played on: Feb. 23, 2022, 8:02 a.m.
  • Length: 30:23

All games in this series

Show
View Real Time Build Order
Export as new Build Order

Spirit Terran 

Build Orders:  

Get SALT Encoding   

  12  0:00  SCV  
  13  0:12  SCV  
  14  0:18  Supply Depot  
  14  0:24  SCV  
  15  0:39  SCV  
  15  0:41  Barracks  
  16  0:51  SCV  
  16  0:53  Refinery  
  17  1:03  SCV  
  18  1:08  Engineering Bay  
  18  1:18  SCV  
  19  1:29  Marine  
  19  1:31  Orbital Command  
  19  1:49  Barracks Reactor  
  19  1:51  Command Center  
  19  1:57  SCV  
  19  2:00  Supply Depot  
  20  2:09  SCV  
  21  2:17  Factory  
  21  2:18  Refinery  
  21  2:22  SCV  
  22  2:25  Marine  
  22  2:27  Marine  
  24  2:34  SCV  
  25  2:43  Marine  
  26  2:45  Marine  
  26  2:46  SCV  
  28  3:02  SCV, Starport  
  28  3:04  Orbital Command  
  29  3:09  Hellion  
  31  3:13  Hellion  
  31  3:17  SCV  
  34  3:29  SCV  
  34  3:31  Widow Mine  
  37  3:34  Widow Mine, SCV  
  38  3:42  Medivac  
  38  3:48  SCV, Armory  
  41  3:52  Widow Mine  
  41  3:55  SCV  
  42  3:56  Widow Mine  
  42  3:58  Supply Depot  
  42  4:00  SCV  
  45  4:07  SCV  
  43  4:12  SCV, Medivac  
  46  4:19  SCV, Bunker  
  46  4:20  Widow Mine x2  
  46  4:23  Supply Depot  
  51  4:24  SCV  
  51  4:28  Barracks Tech Lab  
  50  4:31  SCV  
  50  4:36  SCV  
  52  4:41  Widow Mine  
  52  4:45  SCV  
  57  4:46  Supply Depot  
  57  4:49  SCV  
  58  4:57  SCV  
  59  5:01  SCV  
  59  5:04  Barracks  
  59  5:05  Barracks  
  59  5:06  Starport Tech Lab  
  58  5:09  SCV  
  58  5:11  Siege Tank, Engineering Bay, Marine x2  
  58  5:12  Bunker  
  58  5:13  SCV  
  65  5:20  Refinery x2  
  63  5:23  Supply Depot  
  63  5:28  SCV  
  64  5:29  Marine x2  
  62  5:36  SCV  
  59  5:43  Siege Tank  
  59  5:46  SCV  
  59  5:47  Marine  
  59  5:48  Command Center  
  59  5:49  SCV  
  65  5:53  Barracks Tech Lab, Raven  
  65  5:55  Barracks Tech Lab  
  65  5:58  SCV  
  65  6:00  Missile Turret  
  65  6:01  SCV  
  65  6:02  Supply Depot  
  67  6:08  Marine  
  67  6:09  Terran Infantry Weapons Level 1  
  68  6:11  SCV  
  68  6:15  Stimpack  
  71  6:18  Marine, Marauder  
  71  6:19  Marauder  
  74  6:25  Marine  
  75  6:36  Marine  
  76  6:40  Marauder x2  
  76  6:42  SCV  
  76  6:43  Marine  
  79  6:48  Starport Reactor  
  79  6:51  Combat Shield  
  78  6:54  Marine  
  78  6:56  Siege Tank  
  78  6:57  Barracks, SCV  
  78  6:58  Barracks  
  87  7:01  SCV, Marine, Marauder x2  
  89  7:09  SCV  
  89  7:11  Bunker x2  
  89  7:12  Marine  
  89  7:13  SCV  
  89  7:15  Supply Depot  
  92  7:16  Supply Depot  
  92  7:19  Marine  
  92  7:21  SCV  
  98  7:23  Marauder x2  
  98  7:27  Engineering Bay  
  98  7:29  Terran Vehicle Weapons Level 1, Marine  
  98  7:37  Marine  
  99  7:38  Orbital Command  
  99  7:39  SCV  
  105  7:44  Marauder x2  
  105  7:45  Marauder  
  105  7:48  Barracks Reactor  
  105  7:50  SCV  
  109  7:51  SCV  
  109  7:53  Refinery  
  109  7:54  Refinery  
  109  7:55  Concussive Shells  
  109  7:57  Missile Turret, Marine  
  110  8:02  SCV  
  110  8:03  SCV, Siege Tank  
  116  8:12  Supply Depot  
  116  8:13  Supply Depot  
  116  8:14  SCV, Ghost Academy  
  116  8:17  SCV  
  116  8:19  Command Center  
  117  8:22  SCV  
  117  8:23  Terran Infantry Armor Level 1  
  117  8:26  SCV  
  119  8:30  Terran Infantry Weapons Level 2  
  119  8:33  SCV  
  120  8:34  SCV  
  120  8:36  Sensor Tower, Siege Tank  
  120  8:38  SCV  
  127  8:41  Marauder  
  127  8:42  Marine  
  127  8:44  Marine  
  127  8:45  Marauder  
  130  8:49  Enhanced Shockwaves  
  130  8:55  Medivac  
  132  8:57  Supply Depot, Medivac  
  132  8:58  Supply Depot  
  132  8:59  Marine x3  
  132  9:01  SCV  
  138  9:07  Supply Depot  
  138  9:08  Siege Tank  
  140  9:19  Marine, Marauder  
  140  9:20  Marine  
  140  9:21  Marauder  
  140  9:23  Ghost  
  147  9:25  Viking  
  147  9:27  SCV, Viking  
  147  9:30  SCV  
  153  9:33  Marine  
  153  9:36  Refinery x2, Marine, Sensor Tower  
  153  9:37  Missile Turret, Marine  
  156  9:41  Marauder  
  158  9:49  SCV  
  158  9:50  Missile Turret  
  158  9:52  Missile Turret  
  159  9:53  Missile Turret  
  159  9:54  Missile Turret, Planetary Fortress  
  159  9:55  Sensor Tower  
  159  9:56  SCV  
  159  10:00  SCV  
  159  10:04  SCV  
  159  10:06  Marauder  
  163  10:08  Terran Vehicle Weapons Level 2  
  163  10:10  Marine  
  163  10:11  Marauder  
  164  10:17  Personal Cloaking  
  162  10:21  SCV  
  162  10:22  Medivac, Command Center  
  162  10:24  SCV x2  
  162  10:25  Marauder, Marine  
  167  10:33  SCV, Marauder, Marine, Siege Tank  
  173  10:37  SCV  
  173  10:40  Terran Infantry Armor Level 2  
  173  10:41  Medivac  
  176  10:48  SCV x2  
  176  10:49  SCV, Terran Infantry Weapons Level 3  
  179  11:00  Armory  
  179  11:02  Starport  
  179  11:04  Supply Depot x2  
  179  11:15  Command Center  
  179  11:24  Medivac  
  180  11:27  Command Center  
  180  11:41  Viking, Starport Reactor  
  180  11:42  Nuke  
  182  11:52  Terran Ship Weapons Level 1, Missile Turret  
  182  11:55  Viking  
  171  12:11  Viking, Marine  
  171  12:12  Ghost x3, Marine  
  171  12:13  Marine x2  
  173  12:19  Barracks  
  173  12:23  Barracks  
  173  12:24  Barracks  
  173  12:25  Viking  
  173  12:32  Orbital Command  
  173  12:36  Ghost Academy  
  173  12:37  Terran Vehicle And Ship Armor Level 1  
  173  12:38  Missile Turret  
  173  12:39  Sensor Tower  
  173  12:40  Ghost x2  
  173  12:41  Refinery, Marauder  
  173  12:42  Orbital Command  
  179  12:46  Refinery  
  179  12:47  Planetary Fortress  
  179  12:51  Command Center  
  179  12:53  Command Center  
  179  12:59  Nuke  
  179  13:07  Starport x2  
  179  13:08  Starport  
  179  13:10  Viking, Nuke  
  179  13:11  Viking x2  
  182  13:15  Viking  
  183  13:27  Barracks Tech Lab x2  
  183  13:28  Barracks Tech Lab  
  183  13:32  Terran Infantry Armor Level 3  
  183  13:38  Command Center  
  183  13:40  Viking, Sensor Tower  
  185  13:49  Siege Tank  
  187  14:03  Starport Tech Lab x2  
  187  14:04  Terran Ship Weapons Level 2  
  187  14:09  Fusion Core  
  177  14:17  Nuke x2  
  177  14:19  Medivac x3  
  177  14:20  Starport Tech Lab  
  177  14:23  Orbital Command  
  181  14:24  Orbital Command  
  181  14:29  Command Center  
  181  14:32  Command Center  
  179  14:50  Ghost x3  
  175  15:00  Battlecruiser x3  
  175  15:03  Weapon Refit  
  175  15:04  Terran Vehicle And Ship Armor Level 2  
  193  15:07  Ghost  
  193  15:11  Orbital Command  
  195  15:15  Ghost x2  
  195  15:23  Bunker  
  195  15:31  Nuke x2  
  195  15:35  Ghost  
  195  15:36  Ghost  
  197  15:53  Missile Turret  
  197  16:12  Missile Turret  
  197  16:13  Missile Turret  
  197  16:14  Missile Turret  
  197  16:18  Missile Turret  
  195  16:23  Missile Turret  
  195  16:24  Missile Turret, Sensor Tower  
  195  16:25  Missile Turret  
  195  16:26  Missile Turret  
  193  16:38  Battlecruiser  
  193  16:39  Planetary Fortress  
  194  16:48  Sensor Tower  
  194  16:49  Battlecruiser  
  194  16:52  Terran Ship Weapons Level 3  
  182  17:02  Battlecruiser  
  182  17:06  Orbital Command  
  188  17:20  Refinery  
  188  17:27  Command Center  
  187  17:34  Orbital Command  
  175  17:42  Battlecruiser  
  181  17:46  Nuke  
  181  17:47  Nuke  
  181  17:53  Battlecruiser  
  185  18:07  Battlecruiser  
  185  18:11  Orbital Command  
  175  18:21  Ghost x3  
  170  18:39  Marine  
  170  18:40  Marauder  
  166  18:47  Battlecruiser  
  166  18:55  Refinery  
  160  18:57  Battlecruiser, Command Center  
  160  18:58  Marine, Marauder  
  160  19:01  Marine, Marauder x4  
  160  19:02  Marine, Marauder  
  171  19:11  Battlecruiser  
  176  19:19  Marauder  
  176  19:20  Sensor Tower  
  176  19:22  Missile Turret  
  178  19:30  Refinery  
  178  19:32  Refinery  
  178  19:37  Command Center  
  178  19:40  Command Center  
  174  19:51  Battlecruiser  
  170  19:53  Marine, Marauder  
  170  19:55  Marine, Marauder  
  170  19:56  Marine, Marauder x2  
  170  19:59  Marine  
  179  20:00  Marine  
  179  20:01  Marauder, Battlecruiser  
  180  20:11  Marine  
  181  20:15  Marauder, Battlecruiser  
  181  20:20  Ghost x3  
  195  20:29  SCV x5  
  200  20:41  Orbital Command  
  198  20:51  SCV  
  191  21:09  Missile Turret x2  
  191  21:10  Viking, Sensor Tower  
  191  21:11  Viking  
  159  21:23  Viking  
  150  21:26  Viking  
  150  21:27  Marine  
  134  22:03  Battlecruiser  
  134  22:12  SCV  
  135  22:19  Marauder  
  135  22:22  Planetary Fortress  
  136  22:29  SCV  
  137  22:30  SCV  
  131  22:39  Marauder x4  
  131  22:40  SCV  
  131  22:43  SCV  
  131  22:44  SCV x2  
  143  22:47  Marine  
  144  22:52  Marine  
  145  23:05  Marine  
  128  23:06  Marine  
  128  23:08  Marine, Marauder  
  128  23:10  Marine x2, Marauder  
  101  23:13  Marine  
  101  23:15  Marine  
  101  23:16  Marauder  
  101  23:22  SCV  
  101  23:23  SCV, Marine  
  101  23:24  Marine  
  101  23:25  SCV  
  101  23:26  SCV, Marine  
  108  23:28  SCV, Marauder  
  108  23:32  SCV, Marauder  
  92  23:41  Marine, Medivac x2  
  92  23:42  Marine x2  
  97  23:49  SCV x5  
  97  23:51  SCV  
  97  23:53  SCV  
  104  24:02  SCV x2  
  104  24:03  Orbital Command  
  104  24:04  Ghost x2  
  104  24:05  Marine  
  104  24:08  Refinery  
  104  24:09  Marine  
  105  24:10  Missile Turret  
  105  24:22  Missile Turret, Marauder x2  
  105  24:23  Marine  
  109  24:30  Marine, Marauder  
  111  24:36  Orbital Command  
  111  24:37  Marauder  
  111  24:39  Marine  
  111  24:44  Marine  
  106  24:48  Marine  
  107  25:05  Marine  
  107  25:06  Marauder  
  104  25:19  Ghost  
  104  25:20  Marine, Marauder  
  109  25:27  Marine  
  109  25:28  Marauder  
  112  25:30  Marine  
  112  25:31  SCV  
  114  25:37  SCV  
  114  25:38  Bunker  
  115  25:43  Missile Turret  
  115  25:46  SCV  
  116  25:52  Marauder  
  115  26:00  Planetary Fortress  
  115  26:03  SCV  
  113  26:10  Orbital Command, Marine  
  113  26:11  Marauder  
  116  26:16  Refinery  
  116  26:17  Marauder  
  116  26:18  Marine  
  117  26:20  Marine  
  101  26:37  Marine, Marauder  
  101  26:38  Marauder  
  101  26:39  SCV x3  
  109  26:40  SCV x2  
  109  26:42  Orbital Command  
  109  26:43  Marine  
  112  26:47  SCV  
  112  26:50  Orbital Command  
  113  26:58  Marauder x2  
  117  27:04  Marauder  
  117  27:07  Marine  
  119  27:21  Marine  
  119  27:22  Marauder  
  121  27:23  Marine, Marauder  
  121  27:25  Marine  
  121  27:27  Orbital Command  
  121  27:28  Orbital Command  
  125  27:33  Marine, Marauder  
  125  27:35  Marine, Marauder  
  130  27:43  SCV x3  
  133  27:46  Orbital Command  
  133  27:53  Sensor Tower  
  133  27:54  SCV  
  133  27:55  Refinery  
  133  28:03  SCV  
  132  28:07  SCV  
  132  28:12  SCV x2  
  134  28:15  Medivac  
  134  28:16  Marine  
  134  28:17  Marauder  
  138  28:26  Marine, Marauder  
  138  28:27  Marauder x2  
  145  28:32  SCV x4  
  145  28:33  SCV  
  150  28:38  SCV  
  150  28:39  Marine  
  150  28:40  Marauder x3, Marine  
  158  28:44  SCV  
  158  28:48  Marauder  
  142  28:56  Marine  
  142  28:57  Marauder  
  142  29:01  Marine x2, Marauder  
  124  29:03  Marine  
  124  29:08  Marine  
  120  29:16  Marine  
  103  29:19  Marine, Marauder  
  103  29:23  Marine  
  101  29:29  Ghost  
  101  29:30  Marine  
  101  29:31  Marine  
  94  29:36  Marine  
  84  29:39  Marauder  
  84  29:42  Marine x2  
  85  30:03  Marine  
Show
View Real Time Build Order
Export as new Build Order

Astrea Protoss - Winner!

Build Orders: 1 Gate Expand, Blink Stalkers 

Get SALT Encoding   

  12  0:00  Probe  
  13  0:12  Probe  
  14  0:16  Pylon  
  14  0:24  Probe (Chrono Boost)  
  16  0:35  Gateway  
  16  0:36  Probe (Chrono Boost)  
  16  0:42  Probe (Chrono Boost)  
  16  0:45  Assimilator  
  17  0:51  Probe  
  18  1:03  Probe  
  19  1:15  Probe  
  20  1:25  Cybernetics Core  
  20  1:27  Probe  
  22  1:40  Nexus  
  22  1:48  Pylon  
  22  1:49  Assimilator  
  22  1:51  Probe  
  22  2:00  Warp Gate  
  22  2:03  Probe  
  22  2:04  Adept (Chrono Boost)  
  25  2:15  Probe  
  26  2:24  Stalker (Chrono Boost)  
  26  2:27  Probe  
  29  2:37  Twilight Council  
  29  2:39  Probe  
  30  2:53  Gateway, Probe x2 (Chrono Boost)  
  32  2:59  Sentry  
  32  3:05  Probe (Chrono Boost)  
  36  3:09  Probe (Chrono Boost)  
  36  3:11  Probe (Chrono Boost)  
  37  3:13  Blink (Chrono Boost)  
  37  3:16  Probe  
  37  3:18  Pylon  
  37  3:19  Probe  
  39  3:27  Shield Battery  
  39  3:28  Probe  
  39  3:31  Probe  
  41  3:40  Probe  
  42  3:42  Gateway  
  42  3:43  Probe  
  41  3:49  Stalker x2  
  41  3:52  Probe  
  41  3:55  Probe  
  47  4:01  Pylon  
  47  4:04  Probe  
  47  4:09  Nexus  
  48  4:11  Probe  
  48  4:15  Robotics Facility  
  49  4:19  Stalker  
  49  4:21  Probe  
  49  4:24  Probe  
  53  4:29  Pylon  
  53  4:31  Assimilator  
  53  4:34  Probe  
  53  4:36  Probe, Assimilator  
  55  4:43  Stalker  
  53  4:46  Probe  
  53  4:49  Probe  
  55  4:58  Probe  
  54  5:02  Stalker  
  54  5:04  Observer (Chrono Boost)  
  54  5:05  Probe  
  58  5:11  Probe  
  58  5:20  Probe  
  59  5:23  Probe x2  
  61  5:32  Probe  
  61  5:34  Phoenix  
  60  5:38  Probe  
  60  5:40  Observer  
  60  5:41  Probe (Chrono Boost)  
  55  5:44  Probe (Chrono Boost)  
  56  5:50  Probe (Chrono Boost)  
  56  5:56  Probe (Chrono Boost)  
  59  5:59  Probe (Chrono Boost)  
  59  6:01  Probe (Chrono Boost)  
  59  6:03  Probe (Chrono Boost)  
  61  6:06  Probe x2 (Chrono Boost)  
  61  6:09  Observer  
  64  6:14  Stalker  
  64  6:15  Probe (Chrono Boost)  
  64  6:17  Probe (Chrono Boost)  
  69  6:19  Stalker  
  69  6:22  Probe (Chrono Boost)  
  69  6:24  Probe (Chrono Boost)  
  69  6:25  Probe (Chrono Boost)  
  73  6:28  Probe  
  73  6:31  Stalker, Probe  
  77  6:33  Observer  
  77  6:34  Probe  
  78  6:41  Probe  
  78  6:44  Probe  
  78  6:47  Probe  
  81  6:49  Robotics Bay  
  81  6:52  Forge, Charge  
  81  6:53  Probe  
  82  6:54  Forge  
  82  6:56  Probe  
  82  6:58  Stalker  
  85  7:01  Pylon  
  85  7:03  Shield Battery  
  85  7:14  Pylon  
  85  7:16  Gateway  
  85  7:17  Gateway  
  85  7:18  Nexus, Protoss Ground Armor Level 1 (Chrono Boost), Protoss Ground Weapons Level 1 (Chrono Boost)  
  85  7:20  Gateway  
  85  7:22  Gateway  
  85  7:23  Gateway  
  85  7:27  Pylon  
  85  7:34  Colossus (Chrono Boost)  
  85  7:41  Probe x2  
  91  7:44  Stalker  
  91  7:48  Stalker  
  91  7:49  Probe  
  94  7:53  Probe x2  
  96  8:00  Extended Thermal Lance  
  96  8:01  Probe  
  96  8:05  Pylon, Probe  
  97  8:06  Probe  
  97  8:09  Pylon  
  99  8:13  Probe  
  99  8:17  Colossus (Chrono Boost), Probe  
  99  8:18  Probe  
  108  8:25  Zealot x3, Probe  
  108  8:26  Pylon, Zealot  
  117  8:31  Pylon  
  117  8:34  Pylon  
  117  8:37  Probe x3  
  120  8:41  Zealot x4  
  120  8:48  Shield Battery  
  127  8:51  Probe x3  
  127  8:55  Zealot x4  
  135  9:05  Warp Prism (Chrono Boost)  
  135  9:07  Zealot x4  
  140  9:18  Protoss Ground Weapons Level 2 (Chrono Boost)  
  140  9:20  Photon Cannon  
  140  9:22  Zealot x4  
  140  9:23  Protoss Ground Armor Level 2 (Chrono Boost)  
  148  9:39  Stalker x4  
  148  9:44  Pylon  
  156  9:45  Pylon  
  156  9:47  Gravitic Drive  
  156  9:51  Stalker x4  
  162  10:06  Zealot  
  162  10:07  Zealot  
  164  10:17  Zealot x6  
  164  10:19  Pylon  
  164  10:20  Pylon  
  174  10:22  Dark Shrine  
  174  10:23  Probe x4  
  174  10:25  Gateway, Assimilator x2  
  174  10:27  Gateway  
  174  10:40  Probe x2  
  174  10:42  Robotics Facility  
  170  10:52  Disruptor (Chrono Boost)  
  173  10:58  Zealot x5  
  173  11:01  Probe x3  
  173  11:02  Probe  
  173  11:03  Photon Cannon, Assimilator  
  187  11:04  Assimilator  
  187  11:11  Stargate, Pylon  
  185  11:21  Nexus  
  185  11:22  Protoss Air Weapons Level 1 (Chrono Boost)  
  185  11:28  Protoss Ground Weapons Level 3 (Chrono Boost)  
  185  11:31  Zealot x2  
  189  11:37  Protoss Ground Armor Level 3 (Chrono Boost)  
  187  11:41  Probe  
  188  11:48  Pylon x2  
  188  11:49  Probe  
  188  11:50  Disruptor (Chrono Boost)  
  187  12:00  Fleet Beacon  
  185  12:03  Stargate  
  185  12:04  Stargate, Disruptor (Chrono Boost)  
  180  12:14  Cybernetics Core  
  180  12:15  Probe x4  
  183  12:16  Disruptor (Chrono Boost)  
  183  12:18  Stalker  
  183  12:20  Stalker x3  
  197  12:35  Disruptor (Chrono Boost)  
  197  12:42  Observer (Chrono Boost)  
  199  12:58  Observer  
  199  13:02  Pylon  
  199  13:04  Observer  
  200  13:16  Pylon  
  200  13:17  Void Ray (Chrono Boost)  
  200  13:19  Shield Battery  
  200  13:22  Pylon  
  197  13:35  Pylon  
  197  13:36  Assimilator  
  197  13:37  Protoss Air Weapons Level 2 (Chrono Boost)  
  197  13:38  Assimilator  
  197  13:40  Photon Cannon, Protoss Air Armor Level 1 (Chrono Boost)  
  197  13:47  Observer (Chrono Boost)  
  199  13:54  Observer (Chrono Boost)  
  199  13:59  Gravitic Boosters (Chrono Boost)  
  195  14:10  Photon Cannon  
  195  14:12  Photon Cannon  
  195  14:14  Photon Cannon  
  195  14:15  Shield Battery  
  195  14:29  Pylon  
  195  14:30  Probe x2  
  195  14:31  Probe x2  
  187  14:37  Carrier (Chrono Boost)  
  187  14:38  Carrier (Chrono Boost)  
  198  14:48  Probe x2  
  196  15:01  Stargate, Observer  
  196  15:02  Observer  
  196  15:03  Protoss Shields Level 1  
  196  15:04  Stargate, Gateway x2, Pylon  
  196  15:06  Pylon  
  197  15:21  Observer x2  
  197  15:37  Nexus  
  197  15:45  Observer  
  196  15:52  Photon Cannon, Probe x4  
  200  16:02  Gateway  
  200  16:03  Pylon, Gateway  
  200  16:06  Protoss Air Armor Level 2 (Chrono Boost)  
  200  16:07  Protoss Air Weapons Level 3 (Chrono Boost)  
  199  16:17  Disruptor x2  
  195  17:20  Stalker x5  
  183  17:34  Flux Vanes  
  173  17:38  Stalker  
  173  17:39  Stalker x8  
  173  17:41  Observer  
  173  17:42  Photon Cannon  
  187  17:45  Shield Battery, Assimilator  
  187  17:46  Assimilator  
  187  17:52  Pylon, Tempest (Chrono Boost)  
  187  17:54  Tempest (Chrono Boost)  
  187  17:55  Photon Cannon  
  190  18:26  Dark Templar x3  
  186  18:27  Zealot x6  
  186  18:37  Zealot x4  
  186  18:38  Zealot x3  
  196  18:51  Void Ray  
  196  18:57  Pylon x2  
  200  19:06  Pylon  
  194  19:11  Disruptor x2  
  200  19:25  Stargate  
  200  19:27  Stargate  
  200  19:31  Photon Cannon, Pylon  
  200  19:32  Photon Cannon, Pylon  
  200  19:35  Photon Cannon  
  200  19:36  Photon Cannon  
  200  19:40  Nexus  
  200  19:41  Void Ray (Chrono Boost)  
  182  19:54  Stalker x9, Void Ray x2 (Chrono Boost)  
  177  20:10  Void Ray (Chrono Boost)  
  181  20:15  Pylon  
  181  20:16  Dark Templar x3  
  181  20:18  Void Ray (Chrono Boost), Dark Templar x7  
  199  20:24  Void Ray  
  199  20:28  Photon Cannon  
  191  20:30  Pylon  
  191  20:32  Fleet Beacon, Pylon  
  191  20:34  Photon Cannon  
  192  20:51  Void Ray  
  192  20:58  Stalker x3  
  187  21:17  Void Ray  
  179  21:18  Stalker  
  179  21:19  Stalker x6  
  196  21:28  Void Ray (Chrono Boost)  
  196  21:29  Stalker x2  
  180  21:47  Stalker x4  
  188  21:54  Gateway  
  188  21:55  Gateway  
  188  21:57  Pylon, Cybernetics Core  
  188  21:59  Dark Shrine  
  185  22:01  Probe x4, Void Ray (Chrono Boost)  
  185  22:02  Probe, Void Ray (Chrono Boost)  
  181  22:17  Stalker x6  
  193  22:24  Stargate  
  192  22:36  Observer  
  188  22:40  Tempest x2  
  198  22:51  Pylon  
  198  22:52  Pylon  
  164  23:10  Stalker x8  
  142  23:14  Probe  
  142  23:15  Void Ray  
  142  23:17  Void Ray x2  
  120  23:25  Observer  
  132  23:28  Photon Cannon  
  131  23:37  Dark Templar x8  
  129  23:44  Probe x2  
  129  23:45  Probe  
  128  24:02  Probe  
  129  24:03  Probe x3  
  132  24:14  Probe  
  132  24:15  Stalker x8  
  149  24:27  Robotics Bay  
  137  24:56  Nexus, Void Ray x2 (Chrono Boost)  
  137  25:03  Void Ray (Chrono Boost)  
  147  25:17  Disruptor (Chrono Boost)  
  153  25:30  Disruptor (Chrono Boost)  
  153  25:35  Void Ray  
  153  25:37  Probe x3  
  160  25:46  Disruptor (Chrono Boost)  
  160  25:49  Probe x2  
  165  26:00  Probe  
  164  26:05  Dark Shrine  
  164  26:09  Disruptor  
  151  26:35  Zealot x7  
  151  26:37  Observer  
  159  26:56  Disruptor x2 (Chrono Boost)  
  164  27:17  Shadow Stride (Chrono Boost)  
  164  27:21  Tempest x2 (Chrono Boost)  
  164  27:24  Oracle (Chrono Boost)  
  164  27:26  Observer  
  177  27:48  Pylon  
  177  27:52  Nexus  
  177  28:01  Pylon  
  177  28:02  Tempest, Observer  
  178  28:09  Tempest x2  
  188  28:21  Shield Battery  
  188  28:22  Shield Battery  
  188  28:24  Shield Battery  
  186  28:35  Dark Templar  
  156  29:09  Disruptor x2  
  146  29:29  Zealot x8  
  149  29:45  Disruptor x2  
  155  30:00  Nexus  
  155  30:09  Pylon  

Tags
 
Add a new tag
Caveats
  • Supply blocks, unpowered buildings, or Contaminate may cause inaccurate times.
  • Supply counts are checked every 10 seconds.